 Dungeon Crawl Stone Soup version 0.20.1-1-g8b1a95d (webtiles) character file.

5289 Savaroth the Protected (level 10, 0/93 HPs)
             Began as a Minotaur Berserker on Aug 5, 2017.
             Was an Elder of Trog.
             Succumbed to a hornet's poison
             ... on level 9 of the Dungeon.
             The game lasted 00:20:59 (7101 turns).

Savaroth the Protected (Minotaur Berserker)         Turns: 7101, Time: 00:21:00

Health: 0/93       AC: 12    Str: 24    XL:     10   Next: 37%
Magic:  9/9        EV: 14    Int:  4    God:    Trog [****..]
Gold:   506        SH:  0    Dex: 11    Spells: 9/9 levels left

rFire    . . .     SeeInvis .   a - +0 hand axe
rCold    . . .     Gourm    .   (no shield)
rNeg     . . .     Faith    .   p - +0 scale mail
rPois    .         Spirit   .   d - +2 hat
rElec    .         Reflect  .   (no cloak)
rCorr    .         Harm     .   (no gloves)
MR       ++...                  y - +0 pair of boots
Stlth    ..........             (no amulet)
Regen    1.3/turn               (no ring)
MPRegen  0.2/turn               (no ring)

@: lethally poisoned (0 -> -3), berserk cooldown, regenerating, slowed, very
slow
A: retaliatory headbutt, horns 2
a: Berserk, Trog's Hand, Brothers in Arms, Burn Spellbooks, Renounce Religion


You were on level 9 of the Dungeon.
You worshipped Trog.
Trog was greatly pleased with you.
You were not hungry.

You visited 1 branch of the dungeon, and saw 9 of its levels.

You collected 506 gold pieces.

Inventory:

Hand Weapons
 a - a +0 hand axe (weapon)
Armour
 b - a +0 animal skin
 d - a +2 hat (worn)
 p - a +0 scale mail (worn)
 y - a +0 pair of boots (worn)
Jewellery
 l - an uncursed ring of poison resistance {unknown}
 B - an uncursed amulet of faith
 G - an uncursed ring of stealth {unknown}
 H - a +2 ring of dexterity {unknown}
 I - an uncursed ring of fire {unknown}
 L - an uncursed ring of wizardry {unknown}
Wands
 o - a wand of random effects (48/48)
 t - a wand of lightning (7/15)
 D - a wand of paralysis (13/24)
 E - a wand of flame (18/48)
 J - a wand of polymorph (12/24)
Scrolls
 g - a scroll of enchant weapon {unknown}
 h - 3 scrolls of teleportation
 i - a scroll of fog
 j - a scroll of amnesia
 k - 2 scrolls of recharging
 n - 6 scrolls of identify
 q - a scroll of noise {unknown}
 u - a scroll of enchant armour {unknown}
 x - a scroll of remove curse
 z - 2 scrolls of magic mapping {unknown}
 A - 2 scrolls of fear {unknown}
 C - a scroll of blinking {unknown}
 K - a scroll of immolation {unknown}
 P - a scroll of torment {unknown}
Potions
 e - a potion of might {unknown}
 m - 3 potions of curing {unknown}
 s - a potion of magic {unknown}
 v - a potion of berserk rage {unknown}
 F - a potion of haste {unknown}
 N - a potion of resistance {unknown}
 Q - a potion of brilliance {unknown}
Books
 f - a book of Maledictions

   Spells                             Type                      Level
   a - Corona                         Hexes                        1
   b - Ensorcelled Hibernation        Hexes/Ice                    2
   c - Confuse                        Hexes                        3
   d - Tukima's Dance                 Hexes                        3
   e - Dazzling Spray                 Conjuration/Hexes            3
   Trog disapproves of the use of such an item.
 O - the Disquisition on Dusty Transmigration
   (You found it on level 9 of the Dungeon)

   Spells                             Type                      Level
   a - Beastly Appendage              Transmutation                1
   b - Stone Arrow                    Conjuration/Earth            3
   c - Petrify                        Transmutation/Earth          4
   d - Irradiate                      Conjuration/Transmutation    5
   e - Dragon Form                    Transmutation                7
   Trog disapproves of the use of such an item.
Comestibles
 c - 7 bread rations
 r - 6 fruits
 w - 3 royal jellies
 M - a meat ration


   Skills:
 + Level 9.9 Fighting
 + Level 9.7 Axes
 + Level 9.9 Armour
 + Level 8.8 Dodging


You had 9 spell levels left.
You didn't know any spells.

Dungeon Overview and Level Annotations

Branches:
Dungeon (9/15)             Temple (0/1) D:6
   Lair: D:8-11         Orc: D:9-12

Altars:
Nemelex Xobeh
Qazlal
Vehumet
Xom

Shops:
D:7 =


Innate Abilities, Weirdness & Mutations

You reflexively headbutt those who attack you in melee.
You have a pair of horns on your head.


Message History

There is a lethal amount of poison in your body!
There is a lethal amount of poison in your body!
There is a lethal amount of poison in your body!
You feel your anger subside.
You are no longer berserk.
Trog's vigour flows through your veins.
You are exhausted.
You feel as though you will be slow longer.
* * * LOW HITPOINT WARNING * * *
You feel sick.
* * * LOW HITPOINT WARNING * * *
You feel very sick.
* * * LOW HITPOINT WARNING * * *
You feel very sick.
* * * LOW HITPOINT WARNING * * *
You feel very sick.
Your skin crawls.
You feel resistant to hostile enchantments.
You feel somewhat more hungry. Trog will no longer gift you weapons.
You die...

.###......#..####.#
.# #......#..# #.#
.# #.........# #.#
.# #.........####.#
.# #..............#
..................#
#############.....#
#...(.# #...@.#
#..##.# #.. ..#
.... .# ..... .#
..### .# .. .# .#


There were no monsters in sight!

Vanquished Creatures
  A two-headed ogre (D:8)
  Pikel (D:4)
  A hornet (D:9)
  A hippogriff (D:7)
  Eustachio (D:6)
  A vampire (D:9)
  A hungry ghost (D:7)
  Menkaure (D:6)
  Edmund (D:6)
  2 orc warriors (D:7)
  Duvessa (D:6)
  6 phantoms
  An ice beast (D:7)
  A centaur (D:5)
  2 ogres
  A big kobold (D:9)
  4 bullfrogs
  A gnoll sergeant (D:9)
  Dowan (D:6)
  2 scorpions (D:6)
  2 howler monkeys (D:4)
  A crimson imp (D:7)
  A bullfrog zombie (D:7)
  3 hounds
  A bullfrog skeleton (D:8)
  2 orc priests (D:5)
  4 jellies
  A centaur skeleton (D:7)
  Jessica (D:3)
  An iguana (D:4)
  6 worker ants
  15 orc wizards
  A hound zombie (D:8)
  2 hound skeletons (D:4)
  7 adders
  7 gnolls
  6 river rats (D:6)
  2 shadow imps
  2 oozes
  3 adder zombies
  2 worms (D:3)
  2 dart slugs
  10 leopard geckos
  21 orcs
  5 bats
  6 giant cockroaches
  8 goblins
  3 hobgoblins
  14 jackals
  4 quokkas
  A ball python skeleton (D:4)
  5 frilled lizards
  8 kobolds
  20 rats
208 creatures vanquished.

Notes
Turn   | Place    | Note
-------+----------+-------------------------------------------
     0 | D:1      | Savaroth the Minotaur Berserker began the quest for the Orb.
     0 | D:1      | Reached XP level 1. HP: 19/19 MP: 0/0
    47 | D:1      | Reached XP level 2. HP: 21/27 MP: 1/1
   542 | D:2      | Reached XP level 3. HP: 33/33 MP: 2/2
   804 | D:2      | Found a radiant altar of Vehumet.
  1179 | D:2      | Reached XP level 4. HP: 30/40 MP: 3/3
  1422 | D:3      | Noticed Jessica
  1429 | D:3      | Killed Jessica
  1429 | D:3      | Reached ** piety under Trog
  1925 | D:3      | Reached XP level 5. HP: 47/47 MP: 4/4
  2062 | D:4      | Noticed a phantom
  2090 | D:4      | Killed a phantom
  2090 | D:4      | Reached skill level 5 in Fighting
  2090 | D:4      | Reached skill level 5 in Axes
  2090 | D:4      | Reached XP level 6. HP: 48/56 MP: 5/5
  2139 | D:4      | Reached skill level 5 in Armour
  2470 | D:4      | Reached XP level 7. HP: 58/61 MP: 6/6
  2553 | D:4      | Noticed Pikel
  2571 | D:4      | Killed Pikel
  2571 | D:4      | Reached skill level 5 in Dodging
  2571 | D:4      | Reached XP level 8. HP: 57/71 MP: 7/7
  2685 | D:4      | Found a stormy altar of Qazlal.
  2955 | D:4      | Reached *** piety under Trog
  2996 | D:5      | Entered Level 5 of the Dungeon
  3766 | D:6      | Noticed Duvessa
  3766 | D:6      | Noticed Dowan
  3777 | D:6      | Killed Duvessa
  3798 | D:6      | Killed Dowan
  3961 | D:6      | Noticed Edmund
  3972 | D:6      | Killed Edmund
  4085 | D:6      | Reached **** piety under Trog
  4120 | D:6      | Reached XP level 9. HP: 65/81 MP: 8/8
  4266 | D:6      | Found a shimmering altar of Xom.
  4372 | D:6      | Found a staircase to the Ecumenical Temple.
  4483 | D:6      | Noticed Eustachio
  4498 | D:6      | Killed Eustachio
  4677 | D:6      | Noticed Menkaure
  4687 | D:6      | Killed Menkaure
  4846 | D:7      | Found Xeyrphy's Jewellery Shop.
  5983 | D:8      | Found a sparkling altar of Nemelex Xobeh.
  6163 | D:8      | Noticed a two-headed ogre
  6178 | D:8      | Killed a two-headed ogre
  6178 | D:8      | Reached XP level 10. HP: 42/91 MP: 9/9
  6953 | D:9      | Identified the Disquisition on Dusty Transmigration
  6998 | D:9      | Reached ***** piety under Trog
  7084 | D:9      | Paralysed by a hornet for 1 turns
  7089 | D:9      | Paralysed by a hornet for 2 turns
  7099 | D:9      | HP: 3/93 [poisoned by a hornet]
  7100 | D:9      | HP: 1/93 [poisoned by a hornet]
  7101 | D:9      | Succumbed to a hornet's poison

Skill      XL: |  1  2  3  4  5  6  7  8  9 |
---------------+----------------------------+-----
Armour         | 3 4 5 6 7 9 |  9.9
Axes           | 4 5 6 7 9 |  9.7
Fighting       | 4 5 6 7 9 |  9.9
Dodging        | 3 4 5 6 8 |  8.8

Action                   |  1- 3 |  4- 6 |  7- 9 | 10-12 || total
-------------------------+-------+-------+-------+-------++-------
Melee: Hand axe          |    83 |   141 |   413 |   123 ||   760
       Headbutt          |    11 |    24 |    91 |    19 ||   145
Invok: Berserk           |       |       |     2 |     2 ||     4
       Trog's Hand       |       |       |       |     1 ||     1
  Use: Scroll            |       |       |       |     6 ||     6
  Eat: Chunk             |       |     5 |     9 |     2 ||    16
       Bread ration      |       |       |     1 |     1 ||     2
       Royal jelly       |       |       |     1 |       ||     1
Armor: Animal skin       |    28 |     7 |       |       ||    35
       Scale mail        |       |    45 |   129 |    55 ||   229
Dodge: Dodged            |    65 |    76 |   256 |    76 ||   473
